 Dungeon Crawl Stone Soup version 0.21.1-1-g345015fe64 (webtiles) character file.

837 Kohma the Magician (level 7, -4/36 HPs)
             Began as a Deep Elf Conjurer on July 2, 2018.
             Was a Follower of Vehumet.
             Slain by a centaur
             ... wielding a cursed -1 shortbow
              (7 damage)
             ... on level 5 of the Dungeon.
             The game lasted 00:18:41 (4971 turns).

Kohma the Magician (Deep Elf Conjurer)              Turns: 4971, Time: 00:18:42

Health: -4/36      AC:  3    Str: 13    XL:     7   Next: 66%
Magic:  4/20       EV: 16    Int: 23    God:    Vehumet [*.....]
Gold:   222        SH:  0    Dex: 21    Spells: 10/21 levels left

rFire    . . .     SeeInvis .   C - +1 dagger (vamp)
rCold    . . .     Gourm    .   (no shield)
rNeg     . . .     Faith    .   q - +1 robe of Gravity {*Contam rPois Str+7 Int+2}
rPois    +         Spirit   .   (no helmet)
rElec    .         Reflect  .   (no cloak)
rCorr    .         Harm     .   (no gloves)
MR       .....                  (no boots)
Stlth    ++........             k - amulet of rage
HPRegen  0.12/turn              e - +6 ring of dexterity
MPRegen  0.17/turn              (no ring)

@: about to teleport, drained
A: no striking features
a: Renounce Religion, Evoke Berserk Rage


You were on level 5 of the Dungeon.
You worshipped Vehumet.
Vehumet was aware of your devotion.
You were not hungry.

You visited 2 branches of the dungeon, and saw 6 of its levels.

You collected 222 gold pieces.

Inventory:

Hand Weapons
 s - a +1 dagger of draining
 x - a +0 hunting sling
 B - a cursed -3 short sword
 C - a +1 vampiric dagger (weapon)
 E - a +0 falchion
 F - a +1 dagger of venom
Missiles
 o - 134 stones (quivered)
 y - 56 sling bullets
Armour
 q - the +1 robe of Gravity (worn) {*Contam rPois Str+7 Int+2}
   (You found it on level 4 of the Dungeon)

   It affects your strength (+7).
   It affects your intelligence (+2).
   It protects you from poison.
   It causes magical contamination when unequipped.
 D - a +2 leather armour of poison resistance
Magical Staves
 H - an uncursed staff of conjuration
Jewellery
 e - a +6 ring of dexterity (left hand)
 k - an amulet of rage (around neck)
Wands
 a - a wand of acid (10)
 G - a wand of enslavement (14)
Scrolls
 h - a scroll of teleportation
 l - a scroll of fear
 z - a scroll of fog
Potions
 d - a potion of resistance {unknown}
 f - 2 potions of berserk rage {unknown}
 j - a potion of brilliance {unknown}
 m - 2 potions of curing
 n - a potion of lignification {unknown}
 p - 3 potions of agility {unknown}
 r - a potion of might {unknown}
 t - a potion of degeneration {unknown}
 u - 2 potions of magic {unknown}
 v - a potion of heal wounds {unknown}
 A - 2 potions of flight {unknown}
Books
 b - a book of Conjurations

   Spells                             Type                      Level
   a - Magic Dart                     Conjuration                  1
   b - Searing Ray                    Conjuration                  2
   c - Dazzling Spray                 Conjuration/Hexes            3
   d - Fulminant Prism                Conjuration/Hexes            4
   e - Force Lance                    Conjuration/Translocation    4
   f - Iskenderun's Mystic Blast      Conjuration                  4
Comestibles
 c - 3 rations
 w - a chunk of flesh


   Skills:
 + Level 5.0 Dodging
 - Level 2.4(2.3) Stealth
 * Level 7.5 Spellcasting
 * Level 7.3(7.2) Conjurations
 + Level 2.5 Hexes


You had 10 spell levels left.
You knew the following spells:

 Your Spells              Type           Power        Failure   Level  Hunger
a - Magic Dart            Conj           ####         1%          1    None
b - Searing Ray           Conj           #####.       1%          2    None
c - Iskenderun's Mystic   Conj           #####...     3%          4    ###....
d - Fulminant Prism       Conj/Hex       ####......   10%         4    ###....


Dungeon Overview and Level Annotations

Branches:
Dungeon (5/15)             Temple (1/1) D:4

Altars:
Dithmenos
Fedhas
Gozag
Hepliaklqana
Kikubaaqudgha
Makhleb
Nemelex Xobeh
Okawaru
Qazlal
Ru
Sif Muna
Trog
Vehumet
Wu Jian
Xom
Yredelemnul
Zin


Message History

There is an open door here.
You see here an arrow.
Okay, then.
As you read the scroll of fog, it crumbles to dust.
The scroll dissolves into smoke.
As you read the scroll of teleportation, it crumbles to dust.
You feel strangely unstable.
Casting: Searing Ray
Confirm with . or Enter, or press ? or * to list all spells.
Aiming: Searing Ray
Press: ? - help, Shift-Dir - straight line, f - crimson imp
Aim: a crimson imp (black smoke)
The searing ray hits the crimson imp.
The crimson imp is heavily wounded. (Press . to maintain the ray.)
The searing ray hits the centaur.
The centaur is heavily wounded.
The crimson imp closely misses you.
The centaur hits you with an enchanted shortbow!
You die...

#...'....# #...#....+
#...#....##+###
##..#.........######
########..........#.
#...#).........#..#
#§§§)..........#...
##§§#..........#...
##@§#..........####
#§5c#..........#...
##§§#..5(......'...
##§§#(.........#...
#§§§§§....c....#...
#§.§#..........####
####.##.....#+##.....
##.##.####+###..'.....
#.....#........÷#.....


You could see a centaur and a crimson imp.

Vanquished Creatures
  A centaur (D:5)
  A bullfrog (D:4)
  A scorpion (D:4)
  2 howler monkeys
  A bullfrog zombie (D:5)
  A crimson imp (D:5)
  A hound (D:4)
  2 orc wizards
  A centaur skeleton (D:4)
  An iguana (D:5)
  6 worker ants
  4 gnolls (D:5)
  A howler monkey skeleton (D:4)
  6 adders
  2 oozes (D:3)
  An adder skeleton (D:5)
  A worm (D:4)
  A leopard gecko (D:4)
  13 orcs
  8 bats
  2 giant cockroaches
  7 goblins
  12 hobgoblins
  9 jackals
  4 kobolds
  3 quokkas
  4 ball pythons
  5 frilled lizards
  A jackal skeleton (D:5)
  9 rats
111 creatures vanquished.

Vanquished Creatures (others)
  3 fulminant prisms
3 creatures vanquished.

Grand Total: 114 creatures vanquished

Notes
Turn   | Place    | Note
-------+----------+-------------------------------------------
     0 | D:1      | Kohma the Deep Elf Conjurer began the quest for the Orb.
     0 | D:1      | Reached XP level 1. HP: 10/10 MP: 6/6
   143 | D:1      | Reached XP level 2. HP: 15/15 MP: 4/8
   221 | D:1      | Learned a level 2 spell: Searing Ray
   870 | D:2      | Reached XP level 3. HP: 19/19 MP: 7/10
   903 | D:2      | Found a bloodstained altar of Trog.
  1237 | D:2      | Found a faded altar of an unknown god.
  1357 | D:2      | Reached skill level 5 in Conjurations
  1846 | D:3      | Reached XP level 4. HP: 24/24 MP: 6/12
  2320 | D:3      | Reached skill level 5 in Spellcasting
  2519 | D:3      | Reached XP level 5. HP: 28/28 MP: 11/14
  2800 | D:3      | HP: 1/28 [poisoned by a worker ant]
  3165 | D:4      | Reached XP level 6. HP: 28/32 MP: 8/16
  3319 | D:4      | Learned a level 4 spell: Iskenderun's Mystic Blast
  3324 | D:4      | Learned a level 4 spell: Fulminant Prism
  3666 | D:4      | Found a staircase to the Ecumenical Temple.
  3678 | Temple   | Entered the Ecumenical Temple
  3710 | Temple   | Became a worshipper of Vehumet
  3953 | D:4      | Got a bloodstained robe
  3964 | D:4      | Identified the +1 robe of Gravity {*Contam rPois Str+7 Int+2} (You found it on level 4 of the Dungeon)
  4100 | D:5      | Entered Level 5 of the Dungeon
  4193 | D:5      | Reached skill level 1 in Hexes
  4232 | D:4      | Reached XP level 7. HP: 22/36 MP: 1/19
  4886 | D:5      | Reached * piety under Vehumet
  4886 | D:5      | Offered knowledge of Sandblast by Vehumet.
  4886 | D:5      | Reached skill level 5 in Dodging
  4960 | D:5      | HP: 1/36 [centaur/arrow (8)]
  4971 | D:5      | Slain by a centaur

Skill      XL: |  1  2  3  4  5  6  7 |
---------------+----------------------+-----
Dodging        | 3 4 5 |  5.0
Spellcasting   | 4 5 6 7 |  7.5
Conjurations   | 5 6 7 |  7.3
Hexes          | 1 2 |  2.5
Stealth        | |  2.4

Action                   |  1- 3 |  4- 6 |  7- 9 || total
-------------------------+-------+-------+-------++-------
Melee: Short sword       |       |     1 |       ||     1
       Dagger            |       |     8 |       ||     8
 Cast: Magic Dart        |    69 |   101 |    19 ||   189
       Searing Ray       |     3 |    15 |    11 ||    29
       Fulminant Prism   |       |     1 |     2 ||     3
  Use: Scroll            |       |     8 |     4 ||    12
  Eat: Chunk             |     3 |     4 |       ||     7
       Ration            |       |     3 |       ||     3
Armor: Robe              |     2 |     2 |     3 ||     7
       Leather armour    |       |     7 |       ||     7
Dodge: Dodged            |    16 |    47 |    19 ||    82
